 Dungeon Crawl Stone Soup version 0.30-a0-121-gb27577e5d9 (webtiles) character file.

Game seed: 11058720606691925154

30 IdlyInterested the Cudgeller (level 3, 0/27 HPs)
             Began as a Demonspawn Gladiator on Sept 14, 2022.
             Slain by a gnoll
             ... wielding a +0 flail
              (5 damage)
             ... on level 1 of the Dungeon.
             The game lasted 00:01:54 (949 turns).

IdlyInterested the Cudgeller (Demonspawn Gladiator)  Turns: 949, Time: 00:01:54

Health: 0/27       AC:  8    Str: 16    XL:     3   Next: 5%
Magic:  3/3        EV:  7    Int:  9    God:
Gold:   88         SH:  0    Dex: 14    Spells: 2/2 levels left

rFire   . . .      SeeInvis .    a - +0 flail
rCold   . . .      Faith    .    (no shield)
rNeg    . . .      Spirit   .    h - +0 chain mail
rPois   .          Reflect  .    (helmet restricted)
rElec   .          Harm     .    (no cloak)
rCorr   .          Rampage  .    (no gloves)
Will    .....                    (no boots)
Stlth   ..........               (no amulet)
HPRegen 0.09/turn                (no ring)
MPRegen 0.08/turn                (no ring)

@: no status effects
A: horns 1
a: no special abilities


You were on level 1 of the Dungeon.
You visited 1 branch of the dungeon, and saw 2 of its levels.

You collected 88 gold pieces.

Inventory:

Hand Weapons
 a - a +0 flail (weapon)
Missiles
 d - 3 throwing nets (quivered)
 e - a javelin
Armour
 b - a +0 leather armour
 h - a +0 chain mail (worn)
Scrolls
 c - 2 scrolls of noise {unknown}
 g - a scroll of poison {unknown}
 j - a scroll of identify {unknown}
Potions
 f - a potion of flight {unknown}
 i - 2 potions of curing {unknown}


   Skills:
 - Level 2.0 Fighting
 * Level 3.2 Maces & Flails
 + Level 1.7 Throwing
 * Level 1.4 Armour
 - Level 3.0 Dodging


You had 2 spell levels left.
You didn't know any spells.
Your spell library was empty.

Dungeon Overview and Level Annotations

Branches:
Dungeon (2/15)

Altars:


Innate Abilities, Weirdness & Mutations

You have a pair of small horns on your head.


Message History

You climb upwards.
There is a stone staircase leading down here.
You hit the dart slug. You headbutt the dart slug.
You kill the dart slug!
The rat bites you but does no damage.
You have reached level 3!
Your experience leads to an increase in your attributes!
Increase (S)trength, (I)ntelligence, or (D)exterity?
You feel stronger. x2
You hit the rat.
You kill the rat!
Training target 3.0 for Dodging reached!
Your Dodging skill increases to level 3!
You climb downwards.
The gnoll shouts!
The hobgoblin hits you.
There is a stone staircase leading up here.
The hobgoblin hits you but does no damage.
You climb upwards.
There is a stone staircase leading down here.
You closely miss the hobgoblin.
The hobgoblin hits you but does no damage. x2
You hit the hobgoblin.
The hobgoblin is almost dead.
The hobgoblin barely misses you.
You barely miss the hobgoblin. You headbutt the hobgoblin.
You kill the hobgoblin!
You start resting.
HP restored.
You climb downwards.
The gnoll hits you with a +0 flail! The gnoll hits you with a +0 flail.
The gnoll hits you with a +0 flail! The gnoll closely misses you.
There is a stone staircase leading up, spattered with blood here.
The gnoll hits you with a +0 flail.
* * * LOW HITPOINT WARNING * * *
The gnoll hits you but does no damage.
You climb upwards.
There is a stone staircase leading down here.
The gnoll attacks as you move away! The gnoll hits you with a +0 flail.
You die...

###### #....# ####
###########.##.# ...#
#...........##.# ...#
#.########..##.# ...#
#...........##.# ...#######
#.......##.#...#
...#.....#####.gg....#.#.###
..........[.....@##..#.#.#
...#.....##......†...#.###
...#.....##..........#.#
...#.....##..........#.#
.........##..........#(####
...#.....#####............#
####.....# #............#
.........### #............#
...........# #............#


You could see 2 gnolls.

Vanquished Creatures
  A dart slug (D:1)
  2 bats (D:1)
  3 endoplasms
  2 giant cockroaches (D:1)
  4 hobgoblins (D:1)
  3 jackals (D:1)
  2 kobolds
  A quokka (D:1)
  3 frilled lizards (D:1)
  4 rats
25 creatures vanquished.

Notes
Turn   | Place    | Note
-------+----------+-------------------------------------------
     0 | D:1      | IdlyInterested the Demonspawn Gladiator began the quest for
                  | the Orb.
     0 | D:1      | Reached XP level 1. HP: 16/16 MP: 1/1
   194 | D:1      | Gained mutation: You have a pair of small horns on your
                  | head. [demonic ancestry]
   194 | D:1      | Reached XP level 2. HP: 10/22 MP: 2/2
   506 | D:1      | Reached skill level 1 in Armour
   910 | D:1      | Reached XP level 3. HP: 27/27 MP: 3/3
   949 | D:1      | Slain by a gnoll

Illustrated notes

Levels and vault maps discovered:
D:1:      scummos_arrival_star, layout_basic, dk_noncrumbling_3,
          grunt_decor_clamped
D:2:      layout_basic, basic_altar, dreamdust_ecumenical_altar_grove,
          uniq_robin

Skill      XL: |  1  2  3 |
---------------+----------+-----
Maces & Flails | 3 |  3.2
Armour         | 1 |  1.4
Dodging        | 3 |  3.0
Fighting       | |  2.0
Throwing       | |  1.7

Action                   || total
-------------------------++-------
Melee: Flail             ||    57
       Headbutt          ||     6
Armor: Chain mail        ||    48
Dodge: Dodged            ||    25

Table legend: (Time is in decaauts)
 A = Elapsed time spent in this place.
 B = Non-inter-level travel time spent in this place.
 C = Inter-level travel time spent in this place.
 D = Time resting spent in this place.
 E = Time spent auto-exploring this place.
 F = Levels seen in this place.
 G = Mean time per level.
                   A        B        C        D        E       F      G
               +--------+--------+--------+--------+--------+-----+--------+
         Total |    964 |    877 |     87 |    173 |    494 |   2 |  482.0 |
       Dungeon |    964 |    877 |     87 |    173 |    494 |   2 |  482.0 |
               +--------+--------+--------+--------+--------+-----+--------+

Top non-repeatable levels by time:
     D:1: 928 daAuts
     D:2: 36 daAuts
